 Dungeon Crawl Stone Soup version 0.25-a0-156-g0c4bda3fdf (webtiles) character file.

Game seed: 16923497526728934412, levelgen mode: deterministic

316 Leeroy the Slasher (level 6, -4/48 HPs)
             Began as a Draconian Skald on Nov 20, 2019.
             Was an Initiate of Elyvilon.
             Slain by a gnoll sergeant
             ... wielding a +1 trident of protection
              (9 damage)
             ... on level 5 of the Dungeon.
             The game lasted 00:12:41 (4661 turns).

Leeroy the Slasher (Draconian Skald)                Turns: 4661, Time: 00:12:41

Health: -4/48      AC: 11    Str: 14    XL:     6   Next: 20%
Magic:  9/9        EV: 13    Int: 13    God:    Elyvilon [......]
Gold:   205        SH:  0    Dex: 16    Spells: 2/9 levels left

rFire    . . .     SeeInvis .   j - +4 spear (flame)
rCold    . . .     Gourm    .   (no shield)
rNeg     . . .     Faith    .   (armour unavailable)
rPois    .         Spirit   .   (helmet restricted)
rElec    +         Reflect  .   C - +0 cloak "Vathro Gias" {rElec Dex+4} (curse)
rCorr    .         Harm     .   q - +0 pair of gloves
MR       .....                  e - +2 pair of boots
Stlth    +.........             w - amulet of magic regeneration
HPRegen  0.16/turn              (no ring)
MPRegen  0.36/turn              (no ring)

@: no status effects
A: unfitting armour, cold-blooded, AC +6
a: Renounce Religion


You were on level 5 of the Dungeon.
You worshipped Elyvilon.
Elyvilon was noncommittal.
You were hungry.

You visited 2 branches of the dungeon, and saw 6 of its levels.

You collected 205 gold pieces.

Inventory:

Hand Weapons
 a - a +0 falchion
 j - a +4 spear of flaming (weapon)
 o - a +0 long sword
 t - a cursed -3 hunting sling
 u - a +2 short sword of venom
Missiles
 h - 195 stones (quivered)
 p - 6 javelins
 B - 16 poisoned darts
Armour
 e - a +2 pair of boots (worn)
 q - a +0 pair of gloves (worn)
 C - the cursed +0 cloak "Vathro Gias" (worn) {rElec Dex+4}
   (You found it on level 4 of the Dungeon)

   It affects your dexterity (+4).
   It insulates you from electricity.
   It has a curse placed upon it.
Jewellery
 w - an amulet of magic regeneration (around neck)
Scrolls
 b - a scroll of identify
 g - 2 scrolls of fear
 i - 3 scrolls of teleportation
 l - a scroll of fog {unknown}
 r - a scroll of enchant weapon {unknown}
 v - a scroll of amnesia {unknown}
 x - a scroll of remove curse {unknown}
 y - a scroll of magic mapping
 z - a scroll of enchant armour {unknown}
Potions
 d - a potion of magic {unknown}
 f - 2 potions of haste
 k - 2 potions of lignification
 m - a potion of agility {unknown}
 n - a potion of cancellation {unknown}
 s - a potion of flight {unknown}
 A - a potion of mutation {unknown}
Comestibles
 c - 7 rations


   Skills:
 - Level 2.1 Fighting
 - Level 5.0 Long Blades
 - Level 2.1 Dodging
 - Level 2.0 Spellcasting
 + Level 3.7 Hexes
 - Level 2.6 Charms


You had 2 spell levels left.
You knew the following spells:

 Your Spells              Type           Power        Failure   Level  Hunger
a - Infusion              Chrm           #...         9%          1    ##.....
b - Spectral Weapon       Hex/Chrm       #.......     21%         3    ####...
c - Regeneration          Chrm/Necr      #.........   41%         3    ####...

Your spell library contained the following spells:

 Spells                   Type           Power        Failure   Level  Hunger
 Song of Slaying          Chrm           #.......     13%         2    ###....
 Shroud of Golubria       Chrm/Tloc      #.....       22%         2    ###....


Dungeon Overview and Level Annotations

Branches:
Dungeon (5/15)             Temple (1/1) D:4

Altars:
Ashenzari
Cheibriados
Dithmenos
Elyvilon
Fedhas
Gozag
Hepliaklqana
Kikubaaqudgha
Makhleb
Nemelex Xobeh
Qazlal
Ru
Sif Muna
Trog
Uskayaw
Vehumet
Wu Jian
Xom
Yredelemnul
Zin
The Shining One


Innate Abilities, Weirdness & Mutations

Your plain brown scales are hard. (AC +6)
You cannot fit into any form of body armour.
You are cold-blooded and may be slowed by cold attacks.


Message History

You reach to attack!
You hit the gnoll sergeant but do no damage.
The gnoll sergeant is severely wounded.
The gnoll sergeant hits you from afar with a +1 trident of protection.
* * * LOW HITPOINT WARNING * * *
Attack whom?
Press: ? - help, Dir - move target cursor, f/p - gnoll sergeant
Aim: a gnoll sergeant, wielding a +1 trident of protection and wearing a +0 ring mail (severely wounded)
You reach to attack!
You hit the gnoll sergeant but do no damage.
The gnoll sergeant is severely wounded.
The gnoll sergeant hits you from afar with a +1 trident of protection!
* * * LOW HITPOINT WARNING * * *
Unknown command.
You swap places.
Okay, then.
The gnoll sergeant hits you but does no damage.
There is a stone staircase leading up here.
The gnoll sergeant hits you from afar with a +1 trident of protection!
You die...

#g# #.# #####g#
#...g.#
##########g#####
#.......##.#
#.......##.###
###.......gg...#
.......@(g#....#
###............#
#............#
#............#
####....#.<..#
..........#
.#....##.###
........ .#


You could see a gnoll sergeant, 2 gnolls and a friendly spectral +4 spear of
flaming.

Vanquished Creatures
  An ogre (D:4)
  A worker ant (D:4)
  Robin (D:2)
  A howler monkey skeleton (D:3)
  A gnoll (D:5)
  5 adders
  3 oozes
  2 adder skeletons (D:4)
  A worm (D:3)
  2 dart slugs
  4 leopard geckos
  4 orcs
  6 ball pythons
  4 giant cockroaches (D:1)
  18 goblins
  12 hobgoblins
  8 jackals
  2 quokkas
  8 bats
  5 frilled lizards
  4 kobolds
  A leopard gecko skeleton (D:4)
  8 rats
102 creatures vanquished.

Notes
Turn   | Place    | Note
-------+----------+-------------------------------------------
     0 | D:1      | Leeroy the Draconian Skald began the quest for the Orb.
     0 | D:1      | Reached XP level 1. HP: 17/17 MP: 3/3
    67 | D:1      | Reached XP level 2. HP: 23/24 MP: 5/5
   146 | D:1      | Reached skill level 3 in Long Blades
   412 | D:1      | Reached XP level 3. HP: 27/29 MP: 6/6
   431 | D:1      | Learned a level 3 spell: Spectral Weapon
   934 | D:2      | Reached skill level 4 in Long Blades
  1069 | D:2      | Noticed Robin
  1091 | D:3      | Reached XP level 4. HP: 19/36 MP: 2/7
  1335 | D:2      | Killed Robin
  2528 | D:2      | Reached skill level 5 in Long Blades
  2778 | D:2      | Learned a level 3 spell: Regeneration
  2869 | D:3      | Reached skill level 1 in Hexes
  2929 | D:3      | Reached XP level 5. HP: 41/41 MP: 8/8
  3377 | D:4      | Noticed an ogre
  3382 | D:4      | Killed an ogre
  3382 | D:4      | Reached XP level 6. HP: 32/48 MP: 6/9
  3631 | D:4      | Found a staircase to the Ecumenical Temple.
  3771 | Temple   | Entered the Ecumenical Temple
  4129 | Temple   | Became a worshipper of Elyvilon the Healer
  4350 | D:4      | Got a pitted cloak
  4356 | D:4      | Identified the cursed +0 cloak "Vathro Gias" {rElec Dex+4}
                  | (You found it on level 4 of the Dungeon)
  4607 | D:5      | Entered Level 5 of the Dungeon
  4661 | D:5      | Slain by a gnoll sergeant

Levels and vault maps discovered:
D:1:      shiori_arrival_maze, layout_basic, hangedman_decor_growths
D:2:      layout_basic, serial_co_window_serial, co_window_paths_b,
          co_window_of_opportunity_a, co_window_paths_a, co_window_corner_a,
          co_window_paths_b, co_window_corner_a, co_window_corner_a,
          co_window_unsneaky_path_c, co_window_unsneaky_path_a,
          co_window_broadway_a, co_window_of_opportunity_b, co_window_4corner_a,
          glass_columns_c, glass_columns_c, glass_columns_a, glass_columns_c,
          glass_columns_a, minmay_distorted, uniq_robin
D:3:      layout_rooms, first_ration
D:4:      layout_basic, temple_doors_e
D:5:      layout_loops_cross, gammafunk_ghost_cemetery, basic_altar
Temple:   nicolae_temple_the_god_donut

Skill      XL: |  1  2  3  4  5 |
---------------+----------------+-----
Long Blades    | 3 4 5 |  5.0
Hexes          | 1 3 |  3.7
Fighting       | |  2.1
Dodging        | |  2.1
Spellcasting   | |  2.0
Charms         | |  2.6

Action                   |  1- 3 |  4- 6 || total
-------------------------+-------+-------++-------
Melee: Falchion          |   114 |       ||   114
       Tailslap          |    10 |    20 ||    30
       Long sword        |    15 |    56 ||    71
       Spear             |       |   120 ||   120
 Cast: Infusion          |     1 |     1 ||     2
       Spectral Weapon   |       |     2 ||     2
  Use: Potion            |       |     4 ||     4
       Scroll            |       |     5 ||     5
 Stab: Sleeping          |     2 |     5 ||     7
  Eat: Chunk             |       |    12 ||    12
Armor: Skin              |    88 |    69 ||   157
Dodge: Dodged            |    97 |   118 ||   215
       Rpst.: Falchion   |    28 |       ||    28
       Long sword        |     3 |    12 ||    15

Table legend:
 A = Non-vault XP
 B = Vault XP
 C = Vault XP percentage of total XP
 D = Non-vault monster count
 E = Vault monster count
 F = Vault count percentage of total count
                 A         B        C        D         E       F
            +---------+---------+-------+---------+---------+-------
      Total |     409 |      43 |   9.5 |      86 |      16 |  15.7
            +---------+---------+-------+---------+---------+-------
        D:1 |      56 |       5 |   8.2 |      31 |       2 |   6.1
        D:2 |      56 |      38 |  40.4 |      19 |      14 |  42.4
        D:3 |      66 |       0 |   0.0 |      17 |       0 |   0.0
        D:4 |     204 |       0 |   0.0 |      17 |       0 |   0.0
        D:5 |      27 |       0 |   0.0 |       2 |       0 |   0.0
            +---------+---------+-------+---------+---------+-------
